 Dungeon Crawl Stone Soup version 0.31-a0-1005-gfbdfbacc72 (webtiles) character file.

Game seed: 17240640461340704643

529 night the Stinger (level 7, -18/46 HPs)
             Began as an Octopode Venom Mage on Nov 10, 2023.
             Demolished by an ogre
             ... wielding a +0 giant club
              (31 damage)
             ... on level 5 of the Dungeon.
             The game lasted 00:10:49 (5301 turns).

night the Stinger (Octopode Venom Mage)             Turns: 5301, Time: 00:10:49

Health: -18/46     AC:  1    Str:  9    XL:     7   Next: 23%
Magic:  4/12       EV: 13    Int: 17    God:
Gold:   340        SH:  0    Dex: 13    Spells: 6/13 levels left

rFire   . .          .
                       - Unarmed
rCold   . . .        (no shield)
rNeg    . . .        (helmet currently unavailable)
rPois   .            (no amulet)
rElec   .            (no ring)
rCorr   .            (no ring)
SInv    .            (no ring)
Will    .....        (no ring)
Stlth   +++          (no ring)
HPRegen 0.27/turn    (no ring)
MPRegen 0.13/turn    (no ring)
                     (no ring)

%: no passive effects
@: lethally poisoned (-18 -> -20), beast-form
A: beast (slay +0), almost no armour, amphibious, 8 rings, camouflage 1,
gelatinous body 1, (nimble swimmer 1), tentacles
a: Begin Untransformation


You were on level 5 of the Dungeon.
You were a hulking beast.
You visited 1 branch of the dungeon, and saw 5 of its levels.

You collected 340 gold pieces.

Inventory:

Missiles
 i - 62 stones
 q - 8 boomerangs
 s - 2 throwing nets
 u - 3 poisoned darts
Jewellery
 d - a +6 ring of intelligence
Talismans
 h - a beast talisman (active)
 l - a maw talisman
Wands
 t - a wand of mindburst (23)
Scrolls
 f - a scroll of silence {unknown}
 g - 6 scrolls of identify {unknown}
 k - a scroll of revelation {unknown}
 n - a scroll of fog {unknown}
 o - a scroll of noise {unknown}
 p - 2 scrolls of immolation {unknown}
 w - a scroll of teleportation {unknown}
Potions
 a - 2 potions of magic
 b - 4 potions of heal wounds {unknown}
 c - a potion of attraction {unknown}
 e - a potion of lignification {unknown}
 j - 2 potions of curing {unknown}
 m - a potion of mutation {unknown}
 r - a potion of cancellation {unknown}
 v - a potion of enlightenment {unknown}


   Skills:
 + Level 3.1 Fighting
 - Level 2.0 Dodging
 - Level 2.6 Stealth
 * Level 4.3 Unarmed Combat
 + Level 3.5 Spellcasting
 - Level 1.0 Transmutations
 + Level 5.3 Poison Magic


You had 6 spell levels left.
You knew the following spells:

 Your Spells              Type           Power      Damage    Failure   Level
a - Sting                 Tmut/Pois      52%        1d5       4%          1
b - Poisonous Vapours     Pois/Air       24%        N/A       9%          2
c - Olgreb's Toxic Radia  Pois           21%        N/A       19%         4

Your spell library contained the following spells:

 Spells                   Type           Power      Damage    Failure   Level
 Mephitic Cloud           Conj/Pois/Air  9%         N/A       24%         3


Dungeon Overview and Level Annotations

Branches:
Dungeon (5/15)
 Temple: D:4-7

Altars:
Dithmenos
Fedhas
Kikubaaqudgha
Qazlal

Shops:
D:4 =


Innate Abilities, Weirdness & Mutations

You are a hulking beast.
Your limbs bulge with bestial killing power. (Slay +0)
You cannot wear most types of armour.
You are amphibious.
You can wear up to eight rings at the same time.
Your skin changes colour to match your surroundings (Stealth+).
Your rubbery body absorbs attacks. (AC +1, EV +1)
((You are camouflaged when in or above water. (Stealth+)))
You have tentacles for arms and can constrict up to eight enemies at once.


Message History

You are no longer poisoned.
A jelly comes into view.
You kill the orc!
The ogre looks more healthy.
The jelly barely misses you.
A water moccasin comes into view.
A water moccasin comes into view.
The jelly attacks as it pursues you! The jelly closely misses you.
Your magical contamination has completely faded away.
The water moccasin barely misses you. The jelly barely misses you.
The water moccasin bites you.
You are poisoned.
The water moccasin poisons you!
You feel very sick. The water moccasin bites you.
The jelly attacks as it pursues you! The jelly closely misses you.
You feel very sick. The water moccasin bites you!
Found 3 gold pieces.
You feel very sick. The water moccasin closely misses you.
You enter a teleport trap!
The teleport trap disappears.
Your surroundings suddenly seem different.
An ogre comes into view. It is wielding a +0 giant club.
You feel sick. The ogre closely misses you.
You tentacle-slap the ogre. You squeeze the ogre, but do no damage.
The ogre is lightly wounded.
You feel sick.
You tentacle-slap the ogre.
The ogre is moderately wounded.
You feel sick. The ogre barely misses you.
You tentacle-slap the ogre but do no damage.
Your squeeze misses the ogre.
The ogre is moderately wounded.
You feel sick.
You barely miss the ogre. You squeeze the ogre.
The ogre is heavily wounded.
You feel sick.
The ogre hits you with a +0 giant club!!
Ouch! That really hurt!
You die...

#.# #.#
... ...
#.# #.#
#.#######
#hO......
#########


You could see an ogre.

Vanquished Creatures
  Eustachio (D:4)
  Edmund (D:3)
  Crazy Yiuf (D:3)
  Ijyb (D:3)
  An iguana (D:5)
  5 adders
  3 gnolls (D:3)
  4 ufetubi
  A worm (D:4)
  3 dart slugs
  11 orcs
  3 ball pythons
  6 endoplasms
  3 giant cockroaches
  5 goblins
  9 hobgoblins
  2 jackals (D:4)
  3 quokkas
  10 bats
  4 frilled lizards
  3 kobolds
  8 rats
88 creatures vanquished.

Notes
Turn   | Place    | Note
-------+----------+-------------------------------------------
     0 | D:1      | night the Octopode Venom Mage began the quest for the Orb.
     0 | D:1      | Reached XP level 1. HP: 11/11 MP: 3/3
   350 | D:1      | Reached XP level 2. HP: 18/18 MP: 3/5
   360 | D:1      | Learned a level 2 spell: Poisonous Vapours
   430 | D:1      | Reached skill level 1 in Unarmed Combat
  1107 | D:1      | Reached XP level 3. HP: 22/22 MP: 3/6
  1250 | D:1      | Reached skill level 1 in Fighting
  1575 | D:2      | Reached skill level 4 in Poison Magic
  2114 | D:2      | Reached skill level 2 in Unarmed Combat
  2114 | D:2      | Reached XP level 4. HP: 28/28 MP: 2/7
  2419 | D:3      | Learned a level 4 spell: Olgreb's Toxic Radiance
  2530 | D:3      | Found an ancient bone altar of Kikubaaqudgha.
  2706 | D:3      | Found a runed translucent door.
  2707 | D:3      | Noticed Crazy Yiuf
  2721 | D:3      | Killed Crazy Yiuf
  2722 | D:3      | Reached XP level 5. HP: 23/34 MP: 2/9
  3086 | D:3      | Found a stormy altar of Qazlal.
  3280 | D:3      | Found a faded altar of an unknown god.
  3341 | D:3      | Reached skill level 2 in Fighting
  3856 | D:4      | Found a shadowy altar of Dithmenos.
  3856 | D:4      | Noticed Ijyb
  3859 | D:4      | Noticed Edmund
  3939 | D:3      | Killed Ijyb
  3987 | D:3      | HP: 4/34 [Edmund/+0 flail of holy wrath (6)]
  3991 | D:3      | Killed Edmund
  3992 | D:3      | Reached skill level 5 in Poison Magic
  3992 | D:3      | Reached XP level 6. HP: 7/41 MP: 6/10
  4432 | D:4      | Noticed Eustachio
  4504 | D:4      | Killed Eustachio
  4505 | D:4      | Reached XP level 7. HP: 35/46 MP: 3/12
  4723 | D:4      | Found Mualuutaro's Jewellery Shoppe.
  4822 | D:5      | Entered Level 5 of the Dungeon
  5270 | D:5      | Found a blossoming altar of Fedhas.
  5301 | D:5      | Demolished by an ogre

Illustrated notes

Levels and vault maps discovered:
D:1:      mrwooster_arrival_statue, layout_basic, hex_intersection
D:2:      layout_rooms, grunt_ministairs_1
D:3:      layout_loops_ring, nicolae_qazlal_general_emergency,
          kiku_gazebo_garden_becter, shapermc_ecumenical_altar_notcrosses,
          uniq_crazy_yiuf_cottage
D:4:      layout_rooms, nicolae_dithmenos_shadow_blocks, serial_shops,
          nicolae_shop_rolling_square, minmay_misc_feat_nine_boxes, uniq_edmund,
          uniq_ijyb, uniq_eustachio
D:5:      nicolae_cairo_tiling, layout_basic, fedhas_altar_2,
          jmf_multi_god_temple2, minmay_temple_entry_offerings, serial_glass,
          glass_columns_b, glass_columns_a, glass_columns_b, glass_columns_a,
          glass_columns_b, glass_columns_a, glass_columns_a, glass_columns_b

Skill      XL: |  1  2  3  4  5  6 |
---------------+-------------------+-----
Unarmed Combat | 1 2 3 4 |  4.3
Fighting       | 1 2 3 |  3.1
Poison Magic   | 4 5 |  5.3
Spellcasting   | 3 |  3.5
Dodging        | |  2.0
Stealth        | |  2.6
Transmutations | |  1.0

Action                     |  1- 3 |  4- 6 |  7- 9 || total
---------------------------+-------+-------+-------++-------
  Melee: Unarmed           |    46 |    64 |    20 ||   130
         Tentacles         |     6 |    16 |     6 ||    28
         Constrict         |     8 |    16 |     1 ||    25
         Punch             |     2 |     4 |       ||     6
   Cast: Sting             |    25 |    15 |       ||    40
         Poisonous Vapours |    27 |    28 |     6 ||    61
         Olgreb's Toxic Ra |       |     4 |     2 ||     6
   Stab: Sleeping          |     2 |     2 |     1 ||     5
         Distracted        |       |     1 |       ||     1
 Armour: Skin              |    22 |    31 |     8 ||    61
  Dodge: Dodged            |    24 |    52 |    23 ||    99
   Form: Beast             |     1 |       |       ||     1

Table legend: (Time is in decaauts)
 A = Elapsed time spent in this place.
 B = Non-inter-level travel time spent in this place.
 C = Inter-level travel time spent in this place.
 D = Time resting spent in this place.
 E = Time spent auto-exploring this place.
 F = Levels seen in this place.
 G = Mean time per level.
                   A        B        C        D        E       F      G
               +--------+--------+--------+--------+--------+-----+--------+
         Total |   5297 |   5185 |    112 |    905 |   3506 |   5 | 1059.4 |
       Dungeon |   5297 |   5185 |    112 |    905 |   3506 |   5 | 1059.4 |
               +--------+--------+--------+--------+--------+-----+--------+

Top non-repeatable levels by time:
     D:1: 1501 daAuts
     D:3: 1450 daAuts
     D:4: 1031 daAuts
     D:2: 836 daAuts
     D:5: 477 daAuts
